 Dungeon Crawl Stone Soup version 0.31-a0-851-g7ff8af7976 (webtiles) character file.

Game seed: 11504710532863499966

28 Kurtz the Sneak (level 2, 24/24 HPs)
             Began as a Mummy Delver on Oct 6, 2023.
             Quit the game on level 4 of the Dungeon.
             The game lasted 00:00:51 (456 turns).

Kurtz the Sneak (Mummy Delver)                       Turns: 456, Time: 00:00:51

Health: 24/24      AC:  3    Str: 15    XL:     2   Next: 96%
Magic:  2/2        EV: 11    Int:  9    God:
Gold:   0          SH:  0    Dex: 13    Spells: 1/1 levels left

rFire   x . .        a - +0 hand axe
rCold   + . .        (no shield)
rNeg    + + +        b - +0 leather armour
rPois   ∞            (no helmet)
rElec   .            (no cloak)
rCorr   .            (no gloves)
SInv    .            (no boots)
Will    .....        (no amulet)
Stlth   ++           (no ring)
HPRegen 0.24/turn    (no ring)
MPRegen 0.08/turn

%: faith
@: no status effects
A: cold resistance 1, negative energy resistance 3, torment resistance 2, heat
vulnerability 1, in touch with death 1, no potions, faith
a: no special abilities


You were on level 4 of the Dungeon.
You visited 1 branch of the dungeon, and saw 2 of its levels.

Inventory:

Hand Weapons
 a - a +0 hand axe (weapon)
Armour
 b - a +0 leather armour (worn)
Wands
 f - a wand of digging (3)
Scrolls
 c - a scroll of fog
 d - a scroll of revelation


   Skills:
 - Level 3.0 Fighting
 * Level 2.9 Axes
 - Level 1.5 Dodging
 - Level 4.1 Stealth


You had one spell level left.
You didn't know any spells.
Your spell library was empty.

Dungeon Overview and Level Annotations

Branches:
Dungeon (5/15)
 Temple: D:4-7

Altars:

Annotations:
D:4 Menkaure


Innate Abilities, Weirdness & Mutations

You are immune to poison.
Your flesh is cold resistant. (rC+)
You are immune to negative energy. (rN+++)
You are immune to unholy pain and torment.
You are vulnerable to heat. (rF-)
You are in touch with the powers of death.
You do not drink.
You have a special connection with the divine. (Faith)


Message History

The adder is almost dead.
The adder bites you but does no damage.
You barely miss the adder.
The adder is almost dead.
The adder bites you but does no damage. x2
You barely miss the adder.
The adder is almost dead.
The adder bites you.
You hit the adder but do no damage.
The adder is almost dead.
The adder closely misses you. The adder bites you.
You closely miss the adder.
The adder is almost dead.
The adder barely misses you.
You hit the adder.
You kill the adder!
You see here an adder corpse.
An ogre comes into view. It is wielding a +0 giant spiked club.
Found a scroll of fear.
A scorpion comes into view.
You see here a scroll of fear.
Found 5 stones.
An adder comes into view.
The scorpion attacks as it pursues you! The scorpion stings you.
The scorpion attacks as it pursues you! The scorpion completely misses you.
The scorpion stings you but does no damage.
The scorpion attacks as it pursues you! The scorpion misses you.
A worm comes into view.
You see here 5 stones.
The scorpion barely misses you. The scorpion closely misses you.
As you read the scroll of fear, it crumbles to dust.
You assume a fearsome visage.
The worm looks frightened!
The scorpion looks frightened!
Found a scroll labelled UCHAOCLUGA.
A goblin and an orc come into view.
The goblin is wielding a +2 dagger of venom.
The goblin shouts!
The orc shouts!
You hear a shout! x2
An orc comes into view. It is wielding a +0 club.
Are you sure you want to abandon this character and quit the game? (Confirm with "yes".)

........# .......#
#.# #.##.#
...o...# #.#
#.##.# .......#
#.# #.##.# ......#
#.# #.##.# .?go.#
#.# #.##.#
#..###.###.##.####
#@................
##................
#.###..........##
#.# #####.######
#.# #.# ### ###


You could see 2 orcs and a goblin.

Vanquished Creatures
  2 adders (D:4)
  A shadow imp (D:4)
  A hobgoblin (D:4)
4 creatures vanquished.

Notes
Turn   | Place    | Note
-------+----------+-------------------------------------------
     0 | D:5      | Kurtz the Mummy Delver began the quest for the Orb.
     0 | D:5      | Reached XP level 1. HP: 18/18 MP: 1/1
   164 | D:4      | Reached XP level 2. HP: 4/24 MP: 2/2
   313 | D:4      | Noticed Menkaure
   393 | D:4      | Noticed an ogre
   411 | D:4      | Noticed a scorpion
   456 | D:4      | Quit the game

Illustrated notes

Levels and vault maps discovered:
D:4:      layout_basic, yredelemnul_forgotten_temple_becter,
          gammafunk_ghost_split, uniq_menkaure
D:5:      layout_rooms, mainiacjoe_overflow_brackets, general_overflow_altar,
          mainiacjoe_overflow_cross_hatched, serial_bayou, serial_bayou_pond_d,
          serial_bayou_lake_a, serial_bayou_pond_e, serial_bayou_lagoon_b

Skill      XL: |  1 |
---------------+----+-----
Axes           | 2 |  2.9
Fighting       | |  3.0
Dodging        | |  1.5
Stealth        | |  4.1

Action                     || total
---------------------------++-------
  Melee: Hand axe          ||    45
    Use: Scroll            ||     1
 Armour: Leather armour    ||    36
  Dodge: Dodged            ||    36

Table legend: (Time is in decaauts)
 A = Elapsed time spent in this place.
 B = Non-inter-level travel time spent in this place.
 C = Inter-level travel time spent in this place.
 D = Time resting spent in this place.
 E = Time spent auto-exploring this place.
 F = Levels seen in this place.
 G = Mean time per level.
                   A        B        C        D        E       F      G
               +--------+--------+--------+--------+--------+-----+--------+
         Total |    464 |    450 |     14 |     96 |    113 |   2 |  232.0 |
       Dungeon |    464 |    450 |     14 |     96 |    113 |   2 |  232.0 |
               +--------+--------+--------+--------+--------+-----+--------+

Top non-repeatable levels by time:
     D:4: 404 daAuts
     D:5: 60 daAuts
